 Dungeon Crawl Stone Soup version 0.27.1-33-g824d729ab1 (webtiles) character file.

Game seed: 586558118067483748

84 Descartes the Ducker (level 4, -2/19 HPs)
             Began as a Felid Warper on Dec 30, 2021.
             Slain by a goblin (4 damage)
             ... led by Robin
             ... on level 1 of the Dungeon.
             The game lasted 00:05:12 (2982 turns).

Descartes the Ducker (Felid Warper)                 Turns: 2982, Time: 00:05:13

Health: -2/19      AC:  1    Str:  8    XL:     4   Next: 24%
Magic:  8/8        EV: 19    Int: 14    God:
Gold:   60         SH:  0    Dex: 15    Spells: 5/7 levels left
                                        Lives:  0   Deaths: 1

rFire    . . .     SeeInvis +     - Unarmed
rCold    . . .     Faith    .   (shield unavailable)
rNeg     . . .     Spirit   .   (armour unavailable)
rPois    .         Reflect  .   (helmet unavailable)
rElec    .         Harm     .   (cloak unavailable)
rCorr    .         Rampage  .   (gloves unavailable)
Will     .....                  (boots unavailable)
Stlth    +.........             (no amulet)
HPRegen  0.06/turn              (no ring)
MPRegen  0.11/turn              (no ring)

@: quick
A: very small, claws 1, fangs 3, see invisible, speed 1, shaggy fur 1, stealthy
paws, no weapons or thrown items, no armour, multi-lived
a: no special abilities


You were on level 1 of the Dungeon.
You visited 1 branch of the dungeon, and saw 2 of its levels.

You collected 60 gold pieces.

Inventory:

Missiles
 b - 10 stones
Jewellery
 j - a ring of positive energy
Scrolls
 a - 2 scrolls of blinking
 c - a scroll of magic mapping {unknown}
 g - 2 scrolls of fog {unknown}
 h - a scroll of enchant armour {unknown}
 i - a scroll of identify {unknown}
Potions
 d - a potion of curing {unknown}
 e - a potion of invisibility
 f - a potion of haste {unknown}


   Skills:
 - Level 2.0 Fighting
 - Level 5.0 Dodging
 + Level 4.2 Unarmed Combat
 - Level 2.0 Spellcasting
 - Level 4.4 Translocations


You had 5 spell levels left.
You knew the following spells:

 Your Spells              Type           Power      Damage    Failure   Level
a - Blink                 Tloc           N/A        N/A       6%          2

Your spell library contained the following spells:

 Spells                   Type           Power      Damage    Failure   Level
 Gell's Gravitas          Tloc           6%         N/A       12%         3
 Lesser Beckoning         Tloc           6%         N/A       12%         3
 Teleport Other           Tloc           13%        N/A       12%         3
 Sublimation of Blood     Necr           0%         N/A       34%         2
 Manifold Assault         Tloc           13%        N/A       73%         5
 Petrify                  Tmut/Erth      1%         N/A       93%         4
 Irradiate                Conj/Tmut      0%         3d13      100%        5


Dungeon Overview and Level Annotations

Branches:
Dungeon (2/15)

Altars:

Annotations:
D:2 Robin


Innate Abilities, Weirdness & Mutations

You have sharp claws.
You have razor-sharp teeth.
You have supernaturally acute eyesight. (SInv)
You cover ground quickly. (Speed+)
You are covered in fur. (AC +1)
Your paws help you pounce on unaware monsters.
You are incapable of wielding weapons or throwing items.
You cannot wear armour.
You gain extra lives every three experience levels.


Message History

You are too injured to fight recklessly!
You are too injured to fight recklessly!
You are too injured to fight recklessly!
You are too injured to fight recklessly!
You are too injured to fight recklessly!
You are too injured to fight recklessly!
You are too injured to fight recklessly!
You are too injured to fight recklessly!
You are too injured to fight recklessly!
You are too injured to fight recklessly!
The goblin unwields a +0 dagger.
The goblin wields a +0 hunting sling.
The goblin shoots a stone.
The stone barely misses you.
The goblin shoots a stone.
The stone misses you.
The goblin shoots a stone.
The stone hits you.
The goblin drinks a potion.
The goblin flickers and vanishes for a moment.
The hobgoblin no longer looks unusually strong.
You scratch the hobgoblin.
The hobgoblin is heavily wounded.
The hobgoblin hits you.
* * * LOW HITPOINT WARNING * * *
You claw the hobgoblin!
You kill the hobgoblin!
The goblin shoots a stone.
The stone barely misses you.
The goblin shoots a stone.
The stone barely misses you.
The goblin unwields a +0 hunting sling.
The goblin wields a +0 dagger.
The goblin hits you with a +0 dagger.
* * * LOW HITPOINT WARNING * * *
You barely miss the goblin. The goblin misses you.
You barely miss the goblin. The goblin barely misses you.
You scratch the goblin.
The goblin is moderately wounded.
You scratch the goblin but do no damage.
The goblin is moderately wounded.
The goblin hits you with a +0 dagger.
* * * LOW HITPOINT WARNING * * *
You closely miss the goblin.
The goblin is moderately wounded.
The goblin hits you with a +0 dagger.
You die...

### ######################.#
.#..............@g.....#
.#.###################.#
.#.#.................#.#
.#.#.###############.#.#
.#.#.......#########.#.##########
##.#...............#.............
#รท#.......#######.#.............
##.#.......##....#.#.............
...'....................>........


You could see a goblin (invisible).

Vanquished Creatures
  A jelly (D:2)
  Jessica (D:2)
  An adder (D:1)
  4 dart slugs
  5 bats (D:1)
  3 endoplasms (D:1)
  2 giant cockroaches
  9 hobgoblins
  A quokka (D:1)
  9 ball pythons
  2 frilled lizards (D:1)
  7 goblins (D:2)
  4 kobolds
  6 rats
55 creatures vanquished.

Notes
Turn   | Place    | Note
-------+----------+-------------------------------------------
     0 | D:1      | Descartes the Felid Warper began the quest for the Orb.
     0 | D:1      | Reached XP level 1. HP: 9/9 MP: 4/4
   304 | D:1      | Reached XP level 2. HP: 10/13 MP: 6/6
   492 | D:1      | Reached skill level 4 in Dodging
   648 | D:1      | Found a faded altar of an unknown god.
   846 | D:1      | Learned a level 2 spell: Blink
   873 | D:1      | Reached XP level 3. HP: 5/16 MP: 7/7
  1699 | D:2      | Reached XP level 4. HP: 5/19 MP: 8/8
  2082 | D:2      | Reached skill level 5 in Dodging
  2181 | D:2      | Noticed Robin
  2526 | D:1      | Constricted to death by a ball python
  2527 | D:1      | Reached XP level 3. HP: 0/16 MP: 7/7
  2907 | D:2      | Noticed Jessica
  2918 | D:2      | Killed Jessica
  2919 | D:2      | Reached XP level 4. HP: 14/19 MP: 8/8
  2982 | D:1      | Slain by a goblin

Illustrated notes

Levels and vault maps discovered:
D:1:      minmay_arrival_pointy, layout_basic, basic_ecumenical_altar
D:2:      layout_rooms, nrook_mini_vaults, uniq_robin, uniq_jessica

Skill      XL: |  1  2  3  4 |
---------------+-------------+-----
Dodging        | 4 5 |  5.0
Unarmed Combat | 4 |  4.2
Fighting       | |  2.0
Spellcasting   | |  2.0
Translocations | |  4.4

Action                   |  1- 3 |  4- 6 || total
-------------------------+-------+-------++-------
Melee: Unarmed           |   143 |    40 ||   183
       Bite              |     7 |     4 ||    11
       Punch             |       |     2 ||     2
 Stab: Sleeping          |     3 |       ||     3
Armor: Skin              |    12 |     4 ||    16
Dodge: Dodged            |   131 |    50 ||   181
